Red Wings vs Penguins

Created - June 20, 2017 at 18:59

Goals
1 2 3 T
Red Wings 1 0 0 1
Penguins 2 2 0 4
Shots
1 2 3 T
Red Wings 8 11 10 29
Penguins 14 13 8 35

1st period

1. Red Wings , Phil Kessel 14 (Rick Nash 19, Marc Savard 13) at 2:09
2. Penguins , Steven Stamkos 12 (Max Pacioretty 9, Luke Schenn 7) at 6:56
3. Penguins , Bobby Ryan 11 (Steven Stamkos 18) at 7:42

Penalties :
Marc Savard (Det) for Holding Stick (Minor) at 17:13

2nd period

4. Penguins , Bobby Ryan 12 (Steven Stamkos 19, Derek Joslin 5) at 1:40
5. Penguins , Simon Gagné 3 (Brian McGrattan 3, Dion Phaneuf 6) at 12:59

Penalties :
Andrew Cogliano (Pit) for Hooking (Minor) at 4:37, Luke Schenn (Pit) for Tripping (Minor) at 17:58

3rd period

No Goal

Penalties :
Tim Ramholt (Det) for Roughing (Minor) at 5:38, Brian McGrattan (Pit) for Hooking (Minor) at 11:53

Goalie Stats

Michal Neuvirth (Det), 31 saves from 35 shots - (0.886), L, 9-3-3, 60:00 minutes
Brian Elliott (Pit), 28 saves from 29 shots - (0.966), W, 13-6-0, 60:00 minutes

Players Stats for Red Wings

Player Name              G  A  P  +/- PIM S  H  SB GA TA FO     MP     PP MP  PK MP  
------------------------------------------------------------------------------------
Adam Henrique            0  0  0   0  0   0  1  0  0  1  2/5    11:05   0:00   0:00 
Ales Hemsky              0  0  0   0  0   2  0  0  0  0  0/0    11:05   0:00   0:00 
Alex Picard              0  0  0   0  0   2  0  0  0  0  0/0    11:15   0:00   0:09 
Brendan Bell             0  0  0  -3  0   0  0  0  0  0  0/0    13:59   0:00   0:22 
Filip Kuba               0  0  0   0  0   3  4  0  0  1  0/0    20:41   2:58   0:31 
Jiri Fischer             0  0  0   0  0   0  3  1  0  0  0/0    21:57   2:58   2:09 
Marc Savard              0  1  1   0  2   3  1  1  0  1  21/31  21:50   3:10   0:36 
Mike Brown               0  0  0   0  0   1  1  0  0  0  0/0     7:34   0:00   0:00 
Nate Thompson            0  0  0   0  0   0  0  0  0  0  1/1     7:44   0:00   0:09 
Ole-Kristian Tollefsen   0  0  0   0  0   5  0  4  0  1  0/0    24:26   2:59   1:49 
Phil Kessel              1  0  1   0  0   2  1  1  2  0  1/1    21:13   3:10   0:00 
Rick Nash                0  1  1   0  0   3  1  0  1  0  0/1    22:33   3:10   1:20 
Sean Bergenheim          0  0  0  -3  0   3  3  0  2  1  1/1    17:52   2:47   1:44 
Shea Weber               0  0  0   0  0   2  0  3  2  0  0/0    24:26   2:59   1:49 
Steve Downie             0  0  0  -3  0   2  1  1  0  0  0/1    18:14   2:47   2:05 
Tim Ramholt              0  0  0  -3  2   0  1  0  0  0  0/0    14:31   0:00   1:16 
Tye McGinn               0  0  0   0  0   0  1  0  0  0  1/1     7:34   0:00   0:00 
Tyler Johnson            0  0  0  -3  0   1  0  0  0  1  6/14   18:01   2:47   1:53 

Players Stats for Penguins

Player Name              G  A  P  +/- PIM S  H  SB GA TA FO     MP     PP MP  PK MP  
------------------------------------------------------------------------------------
Andrew Cogliano          0  0  0   0  2   4  0  0  0  1  1/1    15:21   1:57   0:52 
Bobby Ryan               2  0  2   3  0   4  1  0  1  0  3/4    20:46   2:02   1:25 
Brayden Schenn           0  0  0   0  0   1  0  1  0  0  2/6    11:43   0:05   2:50 
Brian McGrattan          0  1  1   0  2   1  1  3  0  0  0/0    12:08   0:05   0:00 
Derek Joslin             0  1  1   1  0   0  1  0  0  1  0/0    14:29   0:45   0:54 
Dion Phaneuf             0  1  1   1  0   3  1  5  0  0  0/0    26:19   0:54   3:28 
Duncan Keith             0  0  0   1  0   0  0  0  0  1  0/0    19:22   2:14   2:29 
Josef Vasicek            0  0  0   0  0   0  0  0  1  1  4/8    13:32   0:02   1:25 
Luke Schenn              0  1  1   1  2   2  2  2  0  1  0/0    18:27   2:14   1:35 
Max Pacioretty           0  1  1   3  0   5  1  0  2  0  0/1    19:51   1:59   0:40 
Nathan Horton            0  0  0   0  0   4  2  1  0  0  0/0    17:00   1:54   2:33 
Nikita Alexeev           0  0  0   0  0   1  1  1  0  0  0/0     8:52   0:02   0:00 
Paul Ranger              0  0  0   1  0   0  0  0  0  0  0/0    13:33   0:45   0:00 
Sam Gagner               0  0  0   0  0   0  1  0  0  0  3/11   15:03   1:54   0:31 
Sean Zimmerman           0  0  0   1  0   0  1  1  0  1  0/0    26:19   0:54   3:28 
Simon Gagné              1  0  1   0  0   2  0  1  0  0  0/1    13:32   0:02   1:38 
Steve Sullivan           0  0  0   0  0   0  1  0  0  1  0/0     8:29   0:00   0:00 
Steven Stamkos           1  2  3   3  0   8  2  0  2  0  10/24  19:14   2:02   0:00 

3 Stars

1 - Steven Stamkos (Pit)
2 - Bobby Ryan (Pit)
3 - Brian Elliott (Pit)

Power Play

Red Wings - 0 on 3 Attempt(s) - 0.00%
Penguins - 0 on 2 Attempt(s) - 0.00%

Penalty Kill

Red Wings - 2 on 2 Attempt(s) - 100.00% - Score 0 goal in Penalty Kill
Penguins - 3 on 3 Attempt(s) - 100.00% - Score 0 goal in Penalty Kill

Team Stat

Red Wings - Hits : 18 - Faceoff Wins : 33 - Blocked Shots : 11 - Penalty Minutes : 4
Penguins - Hits : 15 - Faceoff Wins : 23 - Blocked Shots : 15 - Penalty Minutes : 6

Official

Referees : Marouelli Dan and Pollock Kevin
Linesman : Jay Sharrers and Vaughan Rody

Game Notes

No Game Note

Finance

Level 1 -- Attendance: 6000 (100.00%) -- Ticket Income $462,000
Level 2 -- Attendance: 5000 (100.00%) -- Ticket Income $225,000
Level 3 -- Attendance: 2000 (100.00%) -- Ticket Income $56,000
Level 4 -- Attendance: 4000 (100.00%) -- Ticket Income $80,000
Luxury Box -- Attendance: 1000 (100.00%) -- Ticket Income $160,000
Game was played at the Igloo.
Total Attendance: 18000 (100.00%)
Total Ticket Income: $983,000
Other Income: $147,450
Total Income: $1,130,450

Red Wings

5 vs 5 Forward 
   Center                   Left Wing                Right Wing               Time % Phy DF OF 
 1 Marc Savard              Rick Nash                Phil Kessel              40     0   2  3  
 2 Tyler Johnson            Sean Bergenheim          Steve Downie             33     0   2  3  
 3 Adam Henrique            Alex Picard              Ales Hemsky              20     0   3  2  
 4 Nate Thompson            Tye McGinn               Mike Brown               7      1   2  2  

5 vs 5 Defense 
   Defense                  Defense                                           Time % Phy DF OF 
 1 Shea Weber               Ole-Kristian Tollefsen                            40     0   3  2  
 2 Jiri Fischer             Filip Kuba                                        35     0   3  2  
 3 Brendan Bell             Tim Ramholt                                       15     1   3  1  
 4 Brendan Bell             Tim Ramholt                                       10     1   3  1  

PowerPlay Forward 
   Center                   Left Wing                Right Wing               Time % Phy DF OF 
 1 Marc Savard              Rick Nash                Phil Kessel              60     0   1  4  
 2 Tyler Johnson            Sean Bergenheim          Steve Downie             40     0   1  4  

PowerPlay Defense
   Defense                  Defense                                           Time % Phy DF OF 
 1 Shea Weber               Ole-Kristian Tollefsen                            60     0   2  3  
 2 Filip Kuba               Jiri Fischer                                      40     0   2  3  

Penalty Kill 4 Players Forward 
   Center                   Wing                     Time % Phy DF OF 
 1 Tyler Johnson            Steve Downie             50     1   2  2  
 2 Rick Nash                Sean Bergenheim          50     1   2  2  

Penalty Kill 4 Players Defense
   Defense                  Defense                  Time % Phy DF OF 
 1 Shea Weber               Ole-Kristian Tollefsen   50     1   2  2  
 2 Jiri Fischer             Tim Ramholt              50     1   2  2  

Penalty Kill - 3 Players Forward 
   Forward                                           Time % Phy DF OF 
 1 Tyler Johnson                                     60     1   2  2  
 2 Steve Downie                                      40     1   2  2  

Penalty Kill - 3 Players Defense
   Defense                  Defense                  Time % Phy DF OF 
 1 Shea Weber               Ole-Kristian Tollefsen   50     1   2  2  
 2 Jiri Fischer             Tim Ramholt              50     1   2  2  

4 vs 4 Forward 
   Center                   Wing                     Time % Phy DF OF 
 1 Adam Henrique            Rick Nash                60     1   2  2  
 2 Tyler Johnson            Phil Kessel              40     1   2  2  

4 vs 4 Defense
   Defense                  Defense                  Time % Phy DF OF 
 1 Shea Weber               Ole-Kristian Tollefsen   60     1   2  2  
 2 Jiri Fischer             Filip Kuba               40     1   2  2  

Last Minutes Offensive
   Center                   Left Wing                Right Wing               Defense                  Defense                  
   Marc Savard              Rick Nash                Phil Kessel              Shea Weber               Ole-Kristian Tollefsen   

Last Minutes Defensive
   Center                   Left Wing                Right Wing               Defense                  Defense                  
   Tyler Johnson            Rick Nash                Steve Downie             Shea Weber               Ole-Kristian Tollefsen   

Goaltenders
Starting : Michal Neuvirth          
Backup : Ilya Bryzgalov           

Extra Forwards
Normal : Rick Nash, Sean Bergenheim, Ales Hemsky - PP : Ales Hemsky, Nate Thompson - PK : Sean Bergenheim
Extra Defensemen
Normal : Shea Weber, Filip Kuba, Brendan Bell - PP : Brendan Bell - PK : Filip Kuba, Brendan Bell
Penalty Shots
Rick Nash, Steve Downie, Shea Weber, Phil Kessel, Marc Savard

Scratches
Mike Richards (Sprained Left Finger Injury)

Penguins

5 vs 5 Forward 
   Center                   Left Wing                Right Wing               Time % Phy DF OF 
 1 Steven Stamkos           Max Pacioretty           Bobby Ryan               40     0   2  3  
 2 Sam Gagner               Andrew Cogliano          Nathan Horton            30     0   2  3  
 3 Josef Vasicek            Simon Gagné              Brian McGrattan          20     0   2  3  
 4 Brayden Schenn           Steve Sullivan           Nikita Alexeev           10     0   2  3  

5 vs 5 Defense 
   Defense                  Defense                                           Time % Phy DF OF 
 1 Sean Zimmerman           Dion Phaneuf                                      45     1   2  2  
 2 Duncan Keith             Luke Schenn                                       33     1   2  2  
 3 Paul Ranger              Derek Joslin                                      22     1   2  2  
 4 Luke Schenn              Paul Ranger                                       0      1   2  2  

PowerPlay Forward 
   Center                   Left Wing                Right Wing               Time % Phy DF OF 
 1 Steven Stamkos           Max Pacioretty           Bobby Ryan               60     0   1  4  
 2 Sam Gagner               Andrew Cogliano          Nathan Horton            40     0   1  4  

PowerPlay Defense
   Defense                  Defense                                           Time % Phy DF OF 
 1 Sean Zimmerman           Dion Phaneuf                                      60     0   2  3  
 2 Duncan Keith             Luke Schenn                                       40     0   2  3  

Penalty Kill 4 Players Forward 
   Center                   Wing                     Time % Phy DF OF 
 1 Brayden Schenn           Nathan Horton            60     0   4  1  
 2 Josef Vasicek            Bobby Ryan               40     0   4  1  

Penalty Kill 4 Players Defense
   Defense                  Defense                  Time % Phy DF OF 
 1 Sean Zimmerman           Dion Phaneuf             60     1   4  0  
 2 Duncan Keith             Luke Schenn              40     1   4  0  

Penalty Kill - 3 Players Forward 
   Forward                                           Time % Phy DF OF 
 1 Nathan Horton                                     60     0   4  1  
 2 Bobby Ryan                                        40     0   4  1  

Penalty Kill - 3 Players Defense
   Defense                  Defense                  Time % Phy DF OF 
 1 Sean Zimmerman           Dion Phaneuf             60     1   4  0  
 2 Duncan Keith             Luke Schenn              40     1   4  0  

4 vs 4 Forward 
   Center                   Wing                     Time % Phy DF OF 
 1 Steven Stamkos           Bobby Ryan               60     0   2  3  
 2 Sam Gagner               Nathan Horton            40     0   2  3  

4 vs 4 Defense
   Defense                  Defense                  Time % Phy DF OF 
 1 Sean Zimmerman           Dion Phaneuf             60     1   2  2  
 2 Duncan Keith             Luke Schenn              40     1   2  2  

Last Minutes Offensive
   Center                   Left Wing                Right Wing               Defense                  Defense                  
   Steven Stamkos           Max Pacioretty           Bobby Ryan               Sean Zimmerman           Dion Phaneuf             

Last Minutes Defensive
   Center                   Left Wing                Right Wing               Defense                  Defense                  
   Brayden Schenn           Andrew Cogliano          Nathan Horton            Sean Zimmerman           Dion Phaneuf             

Goaltenders
Starting : Brian Elliott            
Backup : Josh Tordjman            

Extra Forwards
Normal : Steven Stamkos, Sam Gagner, Josef Vasicek - PP : Steven Stamkos, Sam Gagner - PK : Simon Gagné
Extra Defensemen
Normal : Sean Zimmerman, Duncan Keith, Paul Ranger - PP : Paul Ranger - PK : Sean Zimmerman, Luke Schenn
Penalty Shots
Max Pacioretty, Bobby Ryan, Nathan Horton, Steven Stamkos, Andrew Cogliano

Scratches
Cory Sarich (Healthy), Oleg Kvasha (Healthy)

% Time on Ice - Red Wings

Lines # - Real PCT - Wanted PCT - Time Play
Normal Forward
1 - 36% - 40% - 18:04
2 - 27% - 33% - 13:22
3 - 22% - 20% - 11:05
4 - 15% - 7% - 7:34
Normal Defense
1 - 39% - 40% - 19:38
2 - 34% - 35% - 16:50
3 - 16% - 15% - 8:06
4 - 11% - 10% - 5:31
PP Forward
1 - 53% - 60% - 3:10
2 - 47% - 40% - 2:47
PP Defense
1 - 50% - 60% - 2:59
2 - 50% - 40% - 2:58
PK Forward
1 - 53% - 50% - 2:05
2 - 47% - 50% - 1:53
PK Defense
1 - 46% - 50% - 1:49
2 - 54% - 50% - 2:09
PK3 Forward
1 - 0% - 60%
2 - 0% - 40%
PK3 Defense
1 - 0% - 50%
2 - 0% - 50%
44 Forward
1 - 0% - 60%
2 - 0% - 40%
44 Defense
1 - 0% - 60%
2 - 0% - 40%
Last Minute Offensive  - 0:00
Last Minute Defensive  - 0:00
Total
Forward - 60:00
Defense - 60:00

% Time on Ice - Penguins

Lines # - Real PCT - Wanted PCT - Time Play
Normal Forward
1 - 35% - 40% - 17:37
2 - 25% - 30% - 12:31
3 - 23% - 20% - 11:28
4 - 17% - 10% - 8:29
Normal Defense
1 - 45% - 45% - 22:38
2 - 29% - 33% - 14:39
3 - 26% - 22% - 12:48
4 - 0% - 0% - 0:00
PP Forward
1 - 52% - 60% - 2:04
2 - 48% - 40% - 1:54
PP Defense
1 - 44% - 60% - 1:44
2 - 56% - 40% - 2:14
PK Forward
1 - 76% - 60% - 4:32
2 - 24% - 40% - 1:25
PK Defense
1 - 58% - 60% - 3:28
2 - 42% - 40% - 2:29
PK3 Forward
1 - 0% - 60%
2 - 0% - 40%
PK3 Defense
1 - 0% - 60%
2 - 0% - 40%
44 Forward
1 - 0% - 60%
2 - 0% - 40%
44 Defense
1 - 0% - 60%
2 - 0% - 40%
Last Minute Offensive  - 0:00
Last Minute Defensive  - 0:00
Total
Forward - 60:00
Defense - 60:00

Play by Play

1st period


0:01 of 1st period - Phil Kessel wins face-off versus Steven Stamkos in neutral zone.
0:32 of 1st period - Snap shot by Andrew Cogliano.
0:32 of 1st period - Stopped by Michal Neuvirth without a rebound.
0:33 of 1st period - Tyler Johnson wins face-off versus Josef Vasicek in Red Wings zone.
0:33 of 1st period - Tyler Johnson is hit by Brian McGrattan.
0:50 of 1st period - Off-side.
0:51 of 1st period - Adam Henrique wins face-off versus Brayden Schenn in neutral zone.
1:07 of 1st period - Snap shot by Ales Hemsky.
1:07 of 1st period - Stopped by Brian Elliott with a rebound.
1:43 of 1st period - Wrist shot by Phil Kessel.
1:43 of 1st period - Deflect By Dion Phaneuf.
1:43 of 1st period - Shot Blocked by Dion Phaneuf.
1:43 of 1st period - Puck is out of play.
1:44 of 1st period - Steven Stamkos wins face-off versus Tyler Johnson in Penguins zone.
2:01 of 1st period - Snap shot by Bobby Ryan.
2:01 of 1st period - Stopped by Michal Neuvirth without a rebound.
2:02 of 1st period - Marc Savard wins face-off versus Josef Vasicek in Red Wings zone.
2:09 of 1st period - Wrist shot by Phil Kessel.
2:09 of 1st period - Goal by Phil Kessel - Red Wings : 1 - Penguins : 0.
2:10 of 1st period - Marc Savard wins face-off versus Sam Gagner in neutral zone.
2:15 of 1st period - Wrist shot by Phil Kessel.
2:15 of 1st period - Shot Misses the Net.
2:25 of 1st period - Snap shot by Rick Nash.
2:25 of 1st period - Stopped by Brian Elliott without a rebound.
2:26 of 1st period - Bobby Ryan wins face-off versus Adam Henrique in Penguins zone.
2:49 of 1st period - Icing by Ales Hemsky.
2:50 of 1st period - Adam Henrique wins face-off versus Josef Vasicek in Red Wings zone.
3:17 of 1st period - Jiri Fischer is hit by Nathan Horton and loses puck.
4:30 of 1st period - Slapshot by Simon Gagné.
4:30 of 1st period - Stopped by Michal Neuvirth with a rebound.
4:44 of 1st period - Snap shot by Nathan Horton.
4:44 of 1st period - Deflect By Jiri Fischer.
4:44 of 1st period - Shot Misses the Net.
4:44 of 1st period - Puck is out of play.
4:45 of 1st period - Marc Savard wins face-off versus Sam Gagner in Red Wings zone.
4:45 of 1st period - Marc Savard is hit by Luke Schenn.
5:03 of 1st period - Shea Weber is hit by Luke Schenn and loses puck.
5:14 of 1st period - Wrist shot by Andrew Cogliano.
5:14 of 1st period - Stopped by Michal Neuvirth with a rebound.
5:16 of 1st period - Wrist shot by Nathan Horton.
5:16 of 1st period - Stopped by Michal Neuvirth without a rebound.
5:17 of 1st period - Steven Stamkos wins face-off versus Tyler Johnson in Red Wings zone.
5:36 of 1st period - Sean Zimmerman is hit by Sean Bergenheim and loses puck.
6:14 of 1st period - Wrist shot by Nathan Horton.
6:14 of 1st period - Stopped by Michal Neuvirth with a rebound.
6:32 of 1st period - Wrist shot by Duncan Keith.
6:32 of 1st period - Shot Blocked by Shea Weber.
6:56 of 1st period - Wrist shot by Steven Stamkos.
6:56 of 1st period - Goal by Steven Stamkos - Red Wings : 1 - Penguins : 1.
6:57 of 1st period - Marc Savard wins face-off versus Steven Stamkos in neutral zone.
7:00 of 1st period - Slapshot by Rick Nash.
7:00 of 1st period - Shot Blocked by Sean Zimmerman.
7:22 of 1st period - Icing by Marc Savard.
7:23 of 1st period - Marc Savard wins face-off versus Sam Gagner in Red Wings zone.
7:28 of 1st period - Snap shot by Sam Gagner.
7:28 of 1st period - Deflect By Andrew Cogliano.
7:28 of 1st period - Stopped by Michal Neuvirth without a rebound.
7:29 of 1st period - Sam Gagner wins face-off versus Tyler Johnson in Red Wings zone.
7:40 of 1st period - Wrist shot by Nathan Horton.
7:40 of 1st period - Stopped by Michal Neuvirth without a rebound.
7:41 of 1st period - Steven Stamkos wins face-off versus Marc Savard in Red Wings zone.
7:42 of 1st period - Snap shot by Bobby Ryan.
7:42 of 1st period - Goal by Bobby Ryan - Red Wings : 1 - Penguins : 2.
7:43 of 1st period - Marc Savard wins face-off versus Steven Stamkos in neutral zone.
8:37 of 1st period - Wrist shot by Alex Picard.
8:37 of 1st period - Shot Blocked by Dion Phaneuf.
8:39 of 1st period - Slapshot by Jiri Fischer.
8:39 of 1st period - Shot Blocked by Nathan Horton.
8:58 of 1st period - Brayden Schenn is hit by Tye McGinn and loses puck.
9:17 of 1st period - Snap shot by Steven Stamkos.
9:17 of 1st period - Shot Blocked by Phil Kessel.
9:59 of 1st period - Snap shot by Adam Henrique.
9:59 of 1st period - Shot Misses the Net.
10:01 of 1st period - Wrist shot by Ales Hemsky.
10:01 of 1st period - Shot Misses the Net.
10:03 of 1st period - Snap shot by Ales Hemsky.
10:03 of 1st period - Stopped by Brian Elliott without a rebound.
10:04 of 1st period - Marc Savard wins face-off versus Steven Stamkos in Penguins zone.
10:21 of 1st period - Marc Savard is hit by Steven Stamkos.
10:25 of 1st period - Max Pacioretty is hit by Jiri Fischer and loses puck.
10:46 of 1st period - Snap shot by Sean Bergenheim.
10:46 of 1st period - Stopped by Brian Elliott with a rebound.
11:05 of 1st period - Icing by Luke Schenn.
11:06 of 1st period - Marc Savard wins face-off versus Brayden Schenn in Penguins zone.
11:36 of 1st period - Slapshot by Luke Schenn.
11:36 of 1st period - Stopped by Michal Neuvirth without a rebound.
11:37 of 1st period - Tyler Johnson wins face-off versus Steven Stamkos in Red Wings zone.
11:44 of 1st period - Slapshot by Max Pacioretty.
11:44 of 1st period - Stopped by Michal Neuvirth without a rebound.
11:45 of 1st period - Tyler Johnson wins face-off versus Max Pacioretty in Red Wings zone.
11:49 of 1st period - Off-side.
11:50 of 1st period - Marc Savard wins face-off versus Steven Stamkos in neutral zone.
12:07 of 1st period - Snap shot by Steven Stamkos.
12:07 of 1st period - Stopped by Michal Neuvirth without a rebound.
12:08 of 1st period - Tyler Johnson wins face-off versus Sam Gagner in Red Wings zone.
12:14 of 1st period - Off-side.
12:15 of 1st period - Sean Bergenheim wins face-off versus Sam Gagner in neutral zone.
12:40 of 1st period - Steve Downie is hit by Derek Joslin and loses puck.
12:51 of 1st period - Wrist shot by Andrew Cogliano.
12:51 of 1st period - Stopped by Michal Neuvirth without a rebound.
12:52 of 1st period - Marc Savard wins face-off versus Bobby Ryan in Red Wings zone.
13:09 of 1st period - Wrist shot by Marc Savard.
13:09 of 1st period - Stopped by Brian Elliott without a rebound.
13:10 of 1st period - Josef Vasicek wins face-off versus Adam Henrique in Penguins zone.
13:44 of 1st period - Wrist shot by Rick Nash.
13:44 of 1st period - Stopped by Brian Elliott without a rebound.
13:45 of 1st period - Bobby Ryan wins face-off versus Marc Savard in Penguins zone.
14:12 of 1st period - Filip Kuba is hit by Sam Gagner and loses puck.
14:35 of 1st period - Slapshot by Sean Zimmerman.
14:35 of 1st period - Shot Blocked by Ole-Kristian Tollefsen.
15:41 of 1st period - Slapshot by Ole-Kristian Tollefsen.
15:41 of 1st period - Stopped by Brian Elliott with a rebound.
15:59 of 1st period - Nathan Horton is hit by Filip Kuba and loses puck.
16:15 of 1st period - Off-side.
16:16 of 1st period - Tye McGinn wins face-off versus Josef Vasicek in neutral zone.
16:23 of 1st period - Snap shot by Nate Thompson.
16:23 of 1st period - Shot Blocked by Dion Phaneuf.
16:25 of 1st period - Wrist shot by Mike Brown.
16:25 of 1st period - Shot Blocked by Dion Phaneuf.
16:27 of 1st period - Slapshot by Tim Ramholt.
16:27 of 1st period - Shot Misses the Net.
16:43 of 1st period - Wrist shot by Tyler Johnson.
16:43 of 1st period - Shot Blocked by Simon Gagné.
17:03 of 1st period - Sean Zimmerman is hit by Marc Savard and loses puck.
17:13 of 1st period - Minor Penalty to Marc Savard for Holding Stick.
17:14 of 1st period - Steven Stamkos wins face-off versus Tyler Johnson in Red Wings zone.
19:13 of 1st period - Penalty to Marc Savard is over, Marc Savard is back on ice.
19:19 of 1st period - Duncan Keith is hit by Adam Henrique and loses puck.
Goals for this period are 1 for Red Wings vs 2 for Penguins.
Shots for this period are 8 for Red Wings vs 14 for Penguins.

2nd period


0:01 of 2nd period - Marc Savard wins face-off versus Steven Stamkos in neutral zone.
0:26 of 2nd period - Nathan Horton is hit by Sean Bergenheim and loses puck.
0:53 of 2nd period - Snap shot by Josef Vasicek.
0:53 of 2nd period - Shot Misses the Net.
1:36 of 2nd period - Snap shot by Bobby Ryan.
1:36 of 2nd period - Shot Misses the Net.
1:38 of 2nd period - Snap shot by Steven Stamkos.
1:38 of 2nd period - Shot Misses the Net.
1:40 of 2nd period - Snap shot by Bobby Ryan.
1:40 of 2nd period - Goal by Bobby Ryan - Red Wings : 1 - Penguins : 3.
1:41 of 2nd period - Marc Savard wins face-off versus Steven Stamkos in neutral zone.
2:18 of 2nd period - Wrist shot by Sam Gagner.
2:18 of 2nd period - Shot Misses the Net.
2:34 of 2nd period - Wrist shot by Alex Picard.
2:34 of 2nd period - Stopped by Brian Elliott with a rebound.
2:36 of 2nd period - Snap shot by Ales Hemsky.
2:36 of 2nd period - Shot Misses the Net.
2:38 of 2nd period - Slapshot by Filip Kuba.
2:38 of 2nd period - Deflect By Simon Gagné.
2:38 of 2nd period - Stopped by Brian Elliott without a rebound.
2:39 of 2nd period - Bobby Ryan wins face-off versus Marc Savard in Penguins zone.
3:47 of 2nd period - Andrew Cogliano is hit by Tim Ramholt and loses puck.
4:24 of 2nd period - Nathan Horton is hit by Filip Kuba and loses puck.
4:37 of 2nd period - Minor Penalty to Andrew Cogliano for Hooking.
4:38 of 2nd period - Brayden Schenn wins face-off versus Marc Savard in Penguins zone.
4:38 of 2nd period - Brayden Schenn is hit by Rick Nash.
5:05 of 2nd period - Brayden Schenn is hit by Steve Downie and loses puck.
5:14 of 2nd period - Wrist shot by Steve Downie.
5:14 of 2nd period - Shot Misses the Net.
5:45 of 2nd period - Slapshot by Jiri Fischer.
5:45 of 2nd period - Shot Blocked by Luke Schenn.
5:47 of 2nd period - Slapshot by Filip Kuba.
5:47 of 2nd period - Stopped by Brian Elliott with a rebound.
5:49 of 2nd period - Slapshot by Phil Kessel.
5:49 of 2nd period - Stopped by Brian Elliott with a rebound.
6:37 of 2nd period - Penalty to Andrew Cogliano is over, Andrew Cogliano is back on ice.
6:57 of 2nd period - Slapshot by Alex Picard.
6:57 of 2nd period - Deflect By Brian McGrattan.
6:57 of 2nd period - Shot Misses the Net.
6:57 of 2nd period - Puck is out of play.
6:58 of 2nd period - Josef Vasicek wins face-off versus Adam Henrique in Penguins zone.
7:09 of 2nd period - Slapshot by Josef Vasicek.
7:09 of 2nd period - Shot Misses the Net.
7:11 of 2nd period - Wrist shot by Brian McGrattan.
7:11 of 2nd period - Stopped by Michal Neuvirth with a rebound.
7:23 of 2nd period - Alex Picard is hit by Nikita Alexeev and loses puck.
7:32 of 2nd period - Snap shot by Brayden Schenn.
7:32 of 2nd period - Stopped by Michal Neuvirth without a rebound.
7:33 of 2nd period - Marc Savard wins face-off versus Steven Stamkos in Red Wings zone.
8:00 of 2nd period - Andrew Cogliano is hit by Sean Bergenheim and loses puck.
8:11 of 2nd period - Shea Weber is hit by Dion Phaneuf and loses puck.
9:03 of 2nd period - Wrist shot by Marc Savard.
9:03 of 2nd period - Shot Misses the Net.
9:05 of 2nd period - Snap shot by Marc Savard.
9:05 of 2nd period - Stopped by Brian Elliott without a rebound.
9:06 of 2nd period - Marc Savard wins face-off versus Steven Stamkos in Penguins zone.
9:15 of 2nd period - Wrist shot by Steven Stamkos.
9:15 of 2nd period - Stopped by Michal Neuvirth with a rebound.
9:17 of 2nd period - Snap shot by Steven Stamkos.
9:17 of 2nd period - Shot Blocked by Marc Savard.
9:19 of 2nd period - Wrist shot by Max Pacioretty.
9:19 of 2nd period - Stopped by Michal Neuvirth without a rebound.
9:20 of 2nd period - Marc Savard wins face-off versus Steven Stamkos in Red Wings zone.
9:20 of 2nd period - Marc Savard is hit by Steven Stamkos.
9:32 of 2nd period - Snap shot by Steven Stamkos.
9:32 of 2nd period - Stopped by Michal Neuvirth without a rebound.
9:33 of 2nd period - Steven Stamkos wins face-off versus Marc Savard in Red Wings zone.
9:44 of 2nd period - Snap shot by Bobby Ryan.
9:44 of 2nd period - Shot Blocked by Shea Weber.
9:46 of 2nd period - Slapshot by Dion Phaneuf.
9:46 of 2nd period - Stopped by Michal Neuvirth with a rebound.
9:48 of 2nd period - Wrist shot by Max Pacioretty.
9:48 of 2nd period - Stopped by Michal Neuvirth without a rebound.
9:49 of 2nd period - Sam Gagner wins face-off versus Tyler Johnson in Red Wings zone.
10:18 of 2nd period - Snap shot by Tyler Johnson.
10:18 of 2nd period - Shot Misses the Net.
10:20 of 2nd period - Wrist shot by Tyler Johnson.
10:20 of 2nd period - Shot Blocked by Brian McGrattan.
10:22 of 2nd period - Slapshot by Ole-Kristian Tollefsen.
10:22 of 2nd period - Shot Misses the Net.
10:26 of 2nd period - Wrist shot by Sean Bergenheim.
10:26 of 2nd period - Stopped by Brian Elliott with a rebound.
10:28 of 2nd period - Snap shot by Steve Downie.
10:28 of 2nd period - Stopped by Brian Elliott without a rebound.
10:29 of 2nd period - Steven Stamkos wins face-off versus Marc Savard in Penguins zone.
10:46 of 2nd period - Slapshot by Steven Stamkos.
10:46 of 2nd period - Stopped by Michal Neuvirth with a rebound.
11:02 of 2nd period - Off-side.
11:03 of 2nd period - Tyler Johnson wins face-off versus Sam Gagner in neutral zone.
11:18 of 2nd period - Snap shot by Tyler Johnson.
11:18 of 2nd period - Shot Blocked by Luke Schenn.
12:28 of 2nd period - Tyler Johnson is hit by Sean Zimmerman and loses puck.
12:59 of 2nd period - Snap shot by Simon Gagné.
12:59 of 2nd period - Goal by Simon Gagné - Red Wings : 1 - Penguins : 4.
13:00 of 2nd period - Steven Stamkos wins face-off versus Marc Savard in neutral zone.
14:20 of 2nd period - Slapshot by Marc Savard.
14:20 of 2nd period - Stopped by Brian Elliott without a rebound.
14:21 of 2nd period - Steven Stamkos wins face-off versus Steve Downie in Penguins zone.
14:48 of 2nd period - Sam Gagner is hit by Phil Kessel and loses puck.
15:16 of 2nd period - Icing by Ole-Kristian Tollefsen.
15:17 of 2nd period - Nate Thompson wins face-off versus Steven Stamkos in Red Wings zone.
15:32 of 2nd period - Snap shot by Max Pacioretty.
15:32 of 2nd period - Stopped by Michal Neuvirth without a rebound.
15:33 of 2nd period - Marc Savard wins face-off versus Sam Gagner in Red Wings zone.
15:38 of 2nd period - Marc Savard is hit by Nathan Horton and loses puck.
16:09 of 2nd period - Snap shot by Steven Stamkos.
16:09 of 2nd period - Stopped by Michal Neuvirth with a rebound.
16:11 of 2nd period - Snap shot by Steven Stamkos.
16:11 of 2nd period - Shot Misses the Net.
16:13 of 2nd period - Slapshot by Max Pacioretty.
16:13 of 2nd period - Stopped by Michal Neuvirth without a rebound.
16:14 of 2nd period - Josef Vasicek wins face-off versus Marc Savard in Red Wings zone.
16:27 of 2nd period - Snap shot by Josef Vasicek.
16:27 of 2nd period - Shot Misses the Net.
16:29 of 2nd period - Snap shot by Brian McGrattan.
16:29 of 2nd period - Shot Misses the Net.
17:44 of 2nd period - Slapshot by Marc Savard.
17:44 of 2nd period - Shot Misses the Net.
17:50 of 2nd period - Snap shot by Phil Kessel.
17:50 of 2nd period - Shot Misses the Net.
17:58 of 2nd period - Minor Penalty to Luke Schenn for Tripping.
17:59 of 2nd period - Brayden Schenn wins face-off versus Marc Savard in Penguins zone.
18:30 of 2nd period - Slapshot by Shea Weber.
18:30 of 2nd period - Stopped by Brian Elliott with a rebound.
18:32 of 2nd period - Slapshot by Sean Bergenheim.
18:32 of 2nd period - Stopped by Brian Elliott with a rebound.
18:34 of 2nd period - Slapshot by Steve Downie.
18:34 of 2nd period - Shot Misses the Net.
18:36 of 2nd period - Snap shot by Shea Weber.
18:36 of 2nd period - Stopped by Brian Elliott with a rebound.
18:58 of 2nd period - Derek Joslin is hit by Filip Kuba and loses puck.
19:58 of 2nd period - Penalty to Luke Schenn is over, Luke Schenn is back on ice.
Goals for this period are 0 for Red Wings vs 2 for Penguins.
Shots for this period are 11 for Red Wings vs 13 for Penguins.

3rd period


0:01 of 3rd period - Steven Stamkos wins face-off versus Marc Savard in neutral zone.
0:16 of 3rd period - Wrist shot by Marc Savard.
0:16 of 3rd period - Shot Misses the Net.
1:05 of 3rd period - Wrist shot by Steven Stamkos.
1:05 of 3rd period - Shot Blocked by Ole-Kristian Tollefsen.
1:11 of 3rd period - Slapshot by Ole-Kristian Tollefsen.
1:11 of 3rd period - Stopped by Brian Elliott with a rebound.
1:27 of 3rd period - Snap shot by Ales Hemsky.
1:27 of 3rd period - Shot Blocked by Dion Phaneuf.
1:29 of 3rd period - Slapshot by Ole-Kristian Tollefsen.
1:29 of 3rd period - Stopped by Brian Elliott with a rebound.
1:31 of 3rd period - Snap shot by Adam Henrique.
1:31 of 3rd period - Shot Misses the Net.
1:33 of 3rd period - Slapshot by Ole-Kristian Tollefsen.
1:33 of 3rd period - Stopped by Brian Elliott without a rebound.
1:34 of 3rd period - Marc Savard wins face-off versus Sam Gagner in Penguins zone.
1:41 of 3rd period - Wrist shot by Luke Schenn.
1:41 of 3rd period - Stopped by Michal Neuvirth with a rebound.
2:01 of 3rd period - Slapshot by Brian McGrattan.
2:01 of 3rd period - Deflect By Simon Gagné.
2:01 of 3rd period - Shot Misses the Net.
2:01 of 3rd period - Puck is out of play.
2:02 of 3rd period - Josef Vasicek wins face-off versus Tyler Johnson in Red Wings zone.
3:11 of 3rd period - Icing by Filip Kuba.
3:12 of 3rd period - Tyler Johnson wins face-off versus Simon Gagné in Red Wings zone.
4:23 of 3rd period - Wrist shot by Mike Brown.
4:23 of 3rd period - Stopped by Brian Elliott with a rebound.
4:59 of 3rd period - Wrist shot by Nikita Alexeev.
4:59 of 3rd period - Stopped by Michal Neuvirth with a rebound.
5:38 of 3rd period - Minor Penalty to Tim Ramholt for Roughing.
5:39 of 3rd period - Steven Stamkos wins face-off versus Tyler Johnson in Red Wings zone.
5:53 of 3rd period - Wrist shot by Steve Downie.
5:53 of 3rd period - Stopped by Brian Elliott with a rebound.
5:55 of 3rd period - Wrist shot by Tyler Johnson.
5:55 of 3rd period - Stopped by Brian Elliott with a rebound.
7:38 of 3rd period - Penalty to Tim Ramholt is over, Tim Ramholt is back on ice.
7:42 of 3rd period - Slapshot by Marc Savard.
7:42 of 3rd period - Shot Misses the Net.
7:44 of 3rd period - Slapshot by Shea Weber.
7:44 of 3rd period - Shot Blocked by Brayden Schenn.
7:46 of 3rd period - Slapshot by Ole-Kristian Tollefsen.
7:46 of 3rd period - Shot Blocked by Brian McGrattan.
7:48 of 3rd period - Wrist shot by Alex Picard.
7:48 of 3rd period - Shot Misses the Net.
7:50 of 3rd period - Snap shot by Shea Weber.
7:50 of 3rd period - Shot Misses the Net.
7:52 of 3rd period - Slapshot by Ole-Kristian Tollefsen.
7:52 of 3rd period - Shot Blocked by Brian McGrattan.
8:13 of 3rd period - Wrist shot by Mike Brown.
8:13 of 3rd period - Shot Misses the Net.
9:08 of 3rd period - Nikita Alexeev is hit by Mike Brown and loses puck.
9:56 of 3rd period - Sean Zimmerman is hit by Jiri Fischer and loses puck.
10:13 of 3rd period - Off-side.
10:14 of 3rd period - Andrew Cogliano wins face-off versus Rick Nash in neutral zone.
10:31 of 3rd period - Steve Downie is hit by Max Pacioretty and loses puck.
11:44 of 3rd period - Wrist shot by Simon Gagné.
11:44 of 3rd period - Shot Misses the Net.
11:46 of 3rd period - Slapshot by Simon Gagné.
11:46 of 3rd period - Shot Blocked by Ole-Kristian Tollefsen.
11:53 of 3rd period - Minor Penalty to Brian McGrattan for Hooking.
11:54 of 3rd period - Marc Savard wins face-off versus Brayden Schenn in Penguins zone.
11:54 of 3rd period - Wrist shot by Rick Nash.
11:54 of 3rd period - Stopped by Brian Elliott without a rebound.
11:55 of 3rd period - Marc Savard wins face-off versus Brayden Schenn in Penguins zone.
13:15 of 3rd period - Ole-Kristian Tollefsen is hit by Bobby Ryan and loses puck.
13:53 of 3rd period - Penalty to Brian McGrattan is over, Brian McGrattan is back on ice.
14:09 of 3rd period - Slapshot by Steven Stamkos.
14:09 of 3rd period - Stopped by Michal Neuvirth with a rebound.
14:46 of 3rd period - Brendan Bell is hit by Steve Sullivan and loses puck.
15:03 of 3rd period - Snap shot by Steven Stamkos.
15:03 of 3rd period - Shot Hit the Post.
15:05 of 3rd period - Snap shot by Paul Ranger.
15:05 of 3rd period - Deflect By Steven Stamkos.
15:05 of 3rd period - Stopped by Michal Neuvirth with a rebound.
15:31 of 3rd period - Wrist shot by Rick Nash.
15:31 of 3rd period - Shot Misses the Net.
16:16 of 3rd period - Simon Gagné is hit by Jiri Fischer and loses puck.
16:47 of 3rd period - Snap shot by Bobby Ryan.
16:47 of 3rd period - Stopped by Michal Neuvirth with a rebound.
16:49 of 3rd period - Slapshot by Steven Stamkos.
16:49 of 3rd period - Deflect By Bobby Ryan.
16:49 of 3rd period - Shot Blocked by Ole-Kristian Tollefsen.
16:49 of 3rd period - Puck is out of play.
16:50 of 3rd period - Marc Savard wins face-off versus Steven Stamkos in Red Wings zone.
16:57 of 3rd period - Icing by Bobby Ryan.
16:58 of 3rd period - Marc Savard wins face-off versus Steven Stamkos in Penguins zone.
17:13 of 3rd period - Max Pacioretty is hit by Filip Kuba and loses puck.
17:32 of 3rd period - Slapshot by Filip Kuba.
17:32 of 3rd period - Stopped by Brian Elliott with a rebound.
17:53 of 3rd period - Slapshot by Dion Phaneuf.
17:53 of 3rd period - Stopped by Michal Neuvirth with a rebound.
17:55 of 3rd period - Slapshot by Dion Phaneuf.
17:55 of 3rd period - Stopped by Michal Neuvirth with a rebound.
18:51 of 3rd period - Slapshot by Dion Phaneuf.
18:51 of 3rd period - Shot Blocked by Shea Weber.
19:01 of 3rd period - Slapshot by Ole-Kristian Tollefsen.
19:01 of 3rd period - Stopped by Brian Elliott without a rebound.
19:02 of 3rd period - Sam Gagner wins face-off versus Tyler Johnson in Penguins zone.
19:09 of 3rd period - Snap shot by Sam Gagner.
19:09 of 3rd period - Shot Blocked by Jiri Fischer.
19:11 of 3rd period - Snap shot by Nathan Horton.
19:11 of 3rd period - Shot Blocked by Steve Downie.
19:13 of 3rd period - Snap shot by Nathan Horton.
19:13 of 3rd period - Stopped by Michal Neuvirth with a rebound.
19:38 of 3rd period - Slapshot by Alex Picard.
19:38 of 3rd period - Stopped by Brian Elliott with a rebound.
19:58 of 3rd period - Wrist shot by Nate Thompson.
19:58 of 3rd period - Shot Blocked by Nikita Alexeev.
Goals for this period are 0 for Red Wings vs 0 for Penguins.
Shots for this period are 10 for Red Wings vs 8 for Penguins.